Cogmind - Beta 13 X1 @@@ ROGUE MODE // 2023.07.08 @ 00:29:39 Player: biogoob Result: Destroyed by S-27 Virus with Autogun Performance ------------- Evolutions (3) 1500 Regions Visited (7) 1400 Robots Destroyed (11) 55 Value Destroyed (517) 517 Prototype IDs (23) 460 Alien Tech Used (0) 0 Bonus (770) 770 TOTAL SCORE: 4702 Bonus ------- Pacifist 270 Entered Garrisons 200 Aligned with FarCom 300 Cogmind --------- Core Integrity 0/700 Matter 92/300 Energy 99/100 System Corruption 0% Temperature Cool (0) Movement Core (50) Location -7/Garrison Parts ------- > --- POWER (1) -------- (None) > --- PROPULSION (4) --- (None) > --- UTILITY (5) ------ (None) > --- WEAPON (3) ------- (None) > --- INVENTORY (5) ---- Medium Laser Grenade Launcher Rocket Launcher Greatsword Peak State ------------ > --- POWER ------------ Improved Deuterium Engine > --- PROPULSION ------- Flying Fortress v7 > --- UTILITY ---------- Medium Storage Unit Advanced Visual Processing Unit ECM Suite Hacking Suite System Shield > --- WEAPON ----------- Flail Flail Power Maul > --- INVENTORY -------- Ion Engine Light Ion Engine Transmission Jammer Advanced ECM Suite Improved Light Armor Plating Improved Light Armor Plating Hacking Suite Medium Laser Grenade Launcher Rocket Launcher [Rating: 57] Favorites ----------- Power Light Ion Engine Engine Light Ion Engine Propulsion Aluminum Leg Treads Advanced Treads Leg Aluminum Leg Flight Unit Flying Fortress v7 Utility ECM Suite Device ECM Suite Storage Medium Storage Unit Processor Advanced Visual Processing Unit Hackware Hacking Suite Protection Improved Light Armor Plating Weapon Small Laser Energy Gun Small Laser Ballistic Gun Light Assault Rifle Ballistic Cannon Hypervelocity Mass Driver Launcher Rocket Launcher Impact Weapon Flail Slashing Weapon Greatsword Build | -11 -10 -10 -10 -9 -8 -7 -7 ------- Run | Jun Mat Min Exi Min Mat Fac Gar Slots Evolved 6 | . . . . . 4 2 . Power . | . . . . . . . . Propulsion 2 | . . . . . 1 1 . Utility 3 | . . . . . 2 1 . Weapon 1 | . . . . . 1 . . Parts Attached 27 | . 2 . 1 . 5 11 8 Power 2 | . . . . . . 1 1 Engine 2 | . . . . . . 1 1 Core . | . . . . . . . . Reactor . | . . . . . . . . Propulsion 5 | . . . . . 2 2 1 Treads 2 | . . . . . 1 . 1 Leg 2 | . . . . . 1 1 . Wheel . | . . . . . . . . Hover . | . . . . . . . . Flight 1 | . . . . . . 1 . Utility 11 | . 1 . 1 . 2 4 3 Device 4 | . 1 . . . . 2 1 Storage 1 | . . . 1 . . . . Processor 1 | . . . . . . 1 . Hackware 3 | . . . . . 2 . 1 Protection 2 | . . . . . . 1 1 Artifact . | . . . . . . . . Weapon 9 | . 1 . . . 1 4 3 Energy Gun 1 | . 1 . . . . . . Energy Cannon . | . . . . . . . . Ballistic Gun 1 | . . . . . 1 . . Ballistic Cannon 1 | . . . . . . . 1 Launcher 1 | . . . . . . . 1 Special Weapon . | . . . . . . . . Impact Weapon 4 | . . . . . . 4 . Slashing Weapon 1 | . . . . . . . 1 Piercing Weapon . | . . . . . . . . Special Melee Weapon . | . . . . . . . . Unidentified Prototypes . | . . . . . . . . Parts Lost 4 | . . . . . . . 4 Power 1 | . . . . . . . 1 Propulsion 1 | . . . . . . . 1 Utility 1 | . . . . . . . 1 Weapon 1 | . . . . . . . 1 Highest Loss Streak 3 | . . . . . . . 3 To Critical Strikes . | . . . . . . . . Average Slot Usage (%) 85 | . 97 100 100 100 87 75 55 Engine 10 | . 14 14 14 14 9 7 5 Leg 17 | . 28 28 28 28 18 . . Flight 2 | . . . . . . 7 5 Device 10 | . 12 14 14 14 9 7 6 Storage 10 | . 14 14 14 14 9 7 5 Processor 2 | . . . . . . 6 5 Hackware 4 | . . . . . 11 11 6 Protection 1 | . . . . . . 3 5 Energy Gun 16 | . 22 28 28 28 18 2 . Ballistic Gun 2 | . 6 . . . 9 1 . Impact Weapon 3 | . . . . . . 18 6 Naked Turns 26 | . . . . . . . 26 Heaviest Build 32 | 10 13 13 18 18 19 32 32 Greatest Support 50 | 20 20 20 20 20 22 50 50 Greatest Overweight (x) 4 | . . . . . 1 . 4 Average Overweight (x) . | . . . . . . . . Largest Inventory Capacity 10 | . 8 8 10 10 10 10 10 Average Capacity 9 | . 8 8 8 10 10 10 9 Most Carried 10 | . 7 7 8 8 10 10 10 Average Carried 8 | . 5 7 7 8 8 9 8 Final Capacity 10 | 8 8 8 10 10 10 10 5 Final Carried 10 | 6 7 7 8 8 10 9 5 Class Distribution -------------------- 74% | Mutant 13% | Hacker-Skirmisher 6% | Skirmisher 5% | Hacker-Mutant Dominant Class ---------------- Mutant | -10/Materials Mutant | -10/Mines Mutant | -10/Exiles Mutant | -9/Mines Hacker-Skirmisher | -8/Materials Mutant | -7/Factory Mutant | -7/Garrison Resources | -11 -10 -10 -10 -9 -8 -7 -7 ----------- Run | Jun Mat Min Exi Min Mat Fac Gar Matter Collected 306 | 173 . 47 . . 69 . 17 Remotely . | . . . . . . . . Salvage Created 375 | . . . . . 161 . 214 Parts 12 | . . . . . 4 . 8 Haulers Intercepted . | . . . . . . . . Recyclers Shooed . | . . . . . . . . Parts Field Recycled . | . . . . . . . . Retrieved Matter . | . . . . . . . . Parts Self-Destructed . | . . . . . . . . Prevented . | . . . . . . . . Kills | -11 -10 -10 -10 -9 -8 -7 -7 ------- Run | Jun Mat Min Exi Min Mat Fac Gar Combat Hostiles Destroyed 11 | . . . . . 3 . 8 Guns 3 | . . . . . 3 . . AOE 8 | . . . . . . . 8 Classes Destroyed 1 | . . . . . 1 . . Grunt 11 | . . . . . 3 . 8 Best Kill Streak 8 | . . . . . 3 . 8 Combat Bots Only 8 | . . . . . 3 . 8 Max Kills in Single Turn 3 | . . . . . 1 . 3 Gunslinging . | . . . . . . . . Exploded 3 | . . . . . . . 3 Melee . | . . . . . . . . Uniques/NPCs Destroyed . | . . . . . . . . Combat | -11 -10 -10 -10 -9 -8 -7 -7 -------- Run | Jun Mat Min Exi Min Mat Fac Gar Damage Taken 2581 | . . . . . 207 254 2120 Core 759 | . . . . . 51 40 668 Absorbed by Shields 27 | . . . . . . 13 14 Core Remaining (%) 96 | 100 . . . 100 90 . . Volleys Fired 17 | . . 2 . . 9 . 6 Largest 3 | . . 2 . . 3 . 1 Hottest 100 | . . 80 . . 100 . 33 Shots Fired 37 | . . 4 . . 27 . 6 Gun 31 | . . 4 . . 27 . . Cannon . | . . . . . . . . Launcher 6 | . . . . . . . 6 Special . | . . . . . . . . Kinetic 9 | . . . . . 9 . . Thermal 11 | . . 2 . . 9 . . Explosive 6 | . . . . . . . 6 Electromagnetic 11 | . . 2 . . 9 . . Robot Hit Streak 21 | . . . . . 20 . 21 Robot Miss Streak 5 | . . 4 . . 5 . 1 Penetration Max . | . . . . . . . . Secondary Targets 1 | . . . . . 1 . . Max Gunslinging Chain 1 | . . . . . 1 . . Shots Hit Robots 24 | . . . . . 22 . 2 Core Hits 40 | . . . . . 9 . 31 Critical Kills . | . . . . . . . . Critical Parts Destroyed . | . . . . . . . . Critical Strikes . | . . . . . . . . Melee Attacks 4 | . . . . . . 4 . Impact 4 | . . . . . . 4 . Slashing . | . . . . . . . . Piercing . | . . . . . . . . Sneak Attacks . | . . . . . . . . Combat Hostiles . | . . . . . . . . Follow-up Attacks . | . . . . . . . . Damage Inflicted 1512 | . . . . . 356 . 1156 Guns 261 | . . . . . 261 . . Cannons . | . . . . . . . . Explosions 1227 | . . . . . 95 . 1132 Melee . | . . . . . . . . Ramming 24 | . . . . . . . 24 Kinetic 64 | . . . . . 64 . . Thermal 194 | . . . . . 194 . . Explosive 1132 | . . . . . . . 1132 Electromagnetic 98 | . . . . . 98 . . Impact . | . . . . . . . . Slashing . | . . . . . . . . Piercing . | . . . . . . . . Highest Corruption . | . . . . . . . . Average Corruption . | . . . . . . . . Corruption Purged . | . . . . . . . . Corruption Blocked . | . . . . . . . . Overload Shots . | . . . . . . . . Overflow Damage . | . . . . . . . . Projectiles . | . . . . . . . . Explosions . | . . . . . . . . Melee . | . . . . . . . . Knockbacks . | . . . . . . . . Impact . | . . . . . . . . Kinetic . | . . . . . . . . Secondary . | . . . . . . . . Self-Inflicted Damage 77 | . . . . . 56 . 21 Shots 2 | . . . . . 1 . 1 Rammed 3 | . . . . . . . 3 Targets Rammed 3 | . . . . . . . 3 Kicked . | . . . . . . . . Crushed . | . . . . . . . . Highest Temperature 282 | . . 36 . . 282 2 59 Average Temperature 82 | . . 20 . . 139 2 27 Received Heat Transfer 962 | . . . . . 81 129 752 Effects 1 | . . . . . 1 . . Energy Bleed 1 | . . . . . 1 . . Siege Activations . | . . . . . . . . Robots Corrupted . | . . . . . . . . Combat Hostiles . | . . . . . . . . Parts Fried . | . . . . . . . . Impact Corruptions . | . . . . . . . . Robots Melted . | . . . . . . . . Combat Hostiles . | . . . . . . . . Parts Melted . | . . . . . . . . Heat Transferred 300 | . . . . . 300 . . Parts Sabotaged . | . . . . . . . . Parts Stolen . | . . . . . . . . Parts Stripped . | . . . . . . . . Power Chain Reactions 1 | . . . . . 1 . . Missiles Intercepted . | . . . . . . . . Alert | -11 -10 -10 -10 -9 -8 -7 -7 ------- Run | Jun Mat Min Exi Min Mat Fac Gar Peak Influence 315 | . . . . . 110 89 315 Initial 69 | . . . . . . 49 69 Average 77 | . . . . . 38 58 225 Maximum Alert Level 1 | . . . . . . . 1 Low Security (%) 79 | . 100 100 . 100 100 100 17 Level 1 20 | . . . . . . . 82 Level 2 . | . . . . . . . . Level 3 . | . . . . . . . . Level 4 . | . . . . . . . . Level 5 . | . . . . . . . . High Security . | . . . . . . . . Max Security . | . . . . . . . . Squads Dispatched 2 | . . . . . 1 1 . Investigation . | . . . . . . . . Extermination . | . . . . . . . . Reinforcement 2 | . . . . . 1 1 . Assault . | . . . . . . . . Garrison . | . . . . . . . . Intercept . | . . . . . . . . Searches Triggered . | . . . . . . . . Construction Impeded . | . . . . . . . . Haulers Reinforced . | . . . . . . . . Active Scanning Responses . | . . . . . . . . Cargo Convoy Interrupts . | . . . . . . . . Stealth | -11 -10 -10 -10 -9 -8 -7 -7 --------- Run | Jun Mat Min Exi Min Mat Fac Gar Distress Signals 2 | . . . . . 1 1 . Communications Jammed . | . . . . . . . . Distress Signals . | . . . . . . . . Times Spotted 79 | . 1 1 . . 8 10 59 Peak Tracking Total 15 | . 1 1 . . 5 8 15 Tactical Retreats 14 | . . 1 . . 1 1 11 Traps | -11 -10 -10 -10 -9 -8 -7 -7 ------- Run | Jun Mat Min Exi Min Mat Fac Gar Traps Triggered 5 | . . . . . . 1 4 Indirectly . | . . . . . . . . Trap Hack Attempts . | . . . . . . . . Triggered . | . . . . . . . . Disarmed . | . . . . . . . . Reprogrammed . | . . . . . . . . Reused . | . . . . . . . . Traps Extracted . | . . . . . . . . Installed . | . . . . . . . . Triggered . | . . . . . . . . Machines | -11 -10 -10 -10 -9 -8 -7 -7 ---------- Run | Jun Mat Min Exi Min Mat Fac Gar Machines Disabled . | . . . . . . . . Max in Single Turn . | . . . . . . . . Machines Repaired . | . . . . . . . . Machines Sabotaged . | . . . . . . . . Overloaded Fab Kills . | . . . . . . . . Hacking | -11 -10 -10 -10 -9 -8 -7 -7 --------- Run | Jun Mat Min Exi Min Mat Fac Gar Machines Accessed 11 | . 1 . 4 . 1 5 . Terminals 3 | . 1 . . . 1 1 . Fabricators 2 | . . . . . . 2 . Repair Stations . | . . . . . . . . Recycling Units 1 | . . . . . . 1 . Scanalyzers . | . . . . . . . . Garrison Access 1 | . . . . . . 1 . Total Hacks 41 | . 3 . 19 . 4 15 . Successful 28 | . 2 . 19 . 2 5 . Failed 13 | . 1 . . . 2 10 . Catastrophic 2 | . . . . . 1 1 . Database Lockouts . | . . . . . . . . Manual 15 | . 1 . 1 . 4 9 . Terminals 13 | . 3 . . . 4 6 . Fabricators 4 | . . . . . . 4 . Repair Stations . | . . . . . . . . Recycling Units 3 | . . . . . . 3 . Scanalyzers . | . . . . . . . . Garrison Access 2 | . . . . . . 2 . Terminal Hacks 21 | . 1 . 19 . 1 . . Record 18 | . . . 18 . . . . Robot Analysis 1 | . . . . . 1 . . Locate Traps 1 | . 1 . . . . . . Derelict Proto ID Bank 1 | . . . 1 . . . . Fabricator Hacks 1 | . . . . . . 1 . Network Status 1 | . . . . . . 1 . Repair Station Hacks . | . . . . . . . . Recycling Unit Hacks 1 | . . . . . . 1 . Report Inventory 1 | . . . . . . 1 . Scanalyzer . | . . . . . . . . Garrison Access Hacks 1 | . . . . . . 1 . Unlock Access 1 | . . . . . . 1 . Unauthorized Hacks 4 | . 1 . . . 1 2 . Terminals 3 | . 1 . . . 1 1 . Botnet 3 | . 1 . . . 1 1 . Fabricators 1 | . . . . . . 1 . Fabnet 1 | . . . . . . 1 . Repair Stations . | . . . . . . . . Recycling Units . | . . . . . . . . Scanalyzers . | . . . . . . . . Garrison Access . | . . . . . . . . Data Cores Recovered . | . . . . . . . . Used . | . . . . . . . . Hacking Detections 6 | . 1 . . . 1 4 . Full Trace Events . | . . . . . . . . Feedback Events . | . . . . . . . . Feedback Blocked . | . . . . . . . . Robot Schematics Acquired . | . . . . . . . . Robots Built . | . . . . . . . . Authchips . | . . . . . . . . Time . | . . . . . . . . Total Robot Build Rating . | . . . . . . . . Part Schematics Acquired . | . . . . . . . . Parts Built . | . . . . . . . . Authchips . | . . . . . . . . Time . | . . . . . . . . Total Part Build Rating . | . . . . . . . . Parts Repaired . | . . . . . . . . Time . | . . . . . . . . Parts Recycled . | . . . . . . . . Recycled Matter . | . . . . . . . . Retrieved Matter . | . . . . . . . . Retrieved Components . | . . . . . . . . Parts Scanalyzed . | . . . . . . . . Part Schematics Acquired . | . . . . . . . . Parts Damaged . | . . . . . . . . Bothacking | -11 -10 -10 -10 -9 -8 -7 -7 ------------ Run | Jun Mat Min Exi Min Mat Fac Gar Used RIF Installer . | . . . . . . . . Robots Hacked . | . . . . . . . . Non-combat . | . . . . . . . . Combat . | . . . . . . . . Robot Hacks Applied . | . . . . . . . . Relay Couplers Released . | . . . . . . . . Fabnet Peak Effective % . | . . . . . . . . Robots Rewired . | . . . . . . . . Allies Hacked . | . . . . . . . . Hacks Repelled . | . . . . . . . . Allies | -11 -10 -10 -10 -9 -8 -7 -7 -------- Run | Jun Mat Min Exi Min Mat Fac Gar Total Allies . | . . . . . . . . Largest Group . | . . . . . . . . Highest-Rated Group . | . . . . . . . . Highest-Rated Ally . | . . . . . . . . Total Orders . | . . . . . . . . Ally Attacks . | . . . . . . . . Total Damage . | . . . . . . . . Kills . | . . . . . . . . Allies Corrupted . | . . . . . . . . Allies Melted . | . . . . . . . . Intel | -11 -10 -10 -10 -9 -8 -7 -7 ------- Run | Jun Mat Min Exi Min Mat Fac Gar Robot Analysis Total 1 | . . . . . 1 . . Derelict Logs Recovered . | . . . . . . . . Drone Launches . | . . . . . . . . Drone Recoveries . | . . . . . . . . Exploration | -11 -10 -10 -10 -9 -8 -7 -7 ------------- Run | Jun Mat Min Exi Min Mat Fac Gar Turns Passed 1805 | . 146 168 458 129 298 265 341 Spaces Moved 1977 | 1 110 130 379 108 211 449 589 Core 66 | . . . . . . . 66 Treads 13 | . . . . . 13 . . Legs 926 | 1 110 130 379 108 198 . . Wheels . | . . . . . . . . Hover . | . . . . . . . . Flight 972 | . . . . . . 449 523 Fastest Speed 50 | 120 120 120 120 120 120 50 50 Average Speed 83 | 120 120 120 120 120 122 50 51 Slowest Speed 250 | 120 120 120 120 120 190 50 250 Overloaded Moves . | . . . . . . . . Propulsion Burnouts . | . . . . . . . . Robots Hopped 17 | . . . . . . . 17 Cave-ins Triggered . | . . . . . . . . Exploration Rate (%) 35 | 3 24 46 73 39 19 17 65 Regions Visited 7 Branch Regions 3 Pre-discovered Areas 1 | . . . 1 . . . . Known Exits Taken 1 | . . . . . . 1 . Unknown Exits Taken 6 | 1 1 1 1 1 1 . . Scrap Searched . | . . . . . . . . Spaces Dug 3 | . . . . . . 3 . Terrain Destroyed 23 | . . . . . 2 3 18 Melee 3 | . . . . . . 3 . Projectile . | . . . . . . . . AOE 20 | . . . . . 2 . 18 Terrain Rammed . | . . . . . . . . Walls Destroyed . | . . . . . . . . Machines Disabled . | . . . . . . . . Actions | -11 -10 -10 -10 -9 -8 -7 -7 --------- Run | Jun Mat Min Exi Min Mat Fac Gar Total 2071 | . 125 138 384 107 231 486 600 Wait 20 | . 5 7 . . 4 4 . Move 1937 | . 109 129 378 107 210 448 556 Hop 11 | . . . . . . . 11 Pick Up 14 | . 4 . 1 . 3 5 1 Fast Attach 13 | . 2 . . . 2 4 5 Attach 7 | . . . . . 2 3 2 Detach 4 | . 1 . . . . 2 1 Swap 7 | . . . 1 . 1 4 1 Drop 22 | . 4 . 4 . . 10 4 Fire 17 | . . 2 . . 9 . 6 Melee 3 | . . . . . . 3 . Ram 3 | . . . . . . . 3 Kick . | . . . . . . . . Crush . | . . . . . . . . Escape Stasis 13 | . . . . . . 3 10 Rewire . | . . . . . . . . Trap . | . . . . . . . . Miscellaneous . | . . . . . . . . Route ------- -11/Junkyard -10/Materials -10/Mines (discovered 2 exits: [*Mat] / *Exi) -10/Exiles -9/Mines -8/Materials -7/Factory -7/Garrison (discovered 3 exits: [*Fac x3]) History --------- Turn | Location | Event 1 | -11/Junkyard | Discovered new exit (range 0) 1 | -11/Junkyard | Entered Materials 112 | -10/Materials | Met 8R-AWN 120 | -10/Materials | Discovered new exit (range 15) 147 | -10/Materials | Entered Mines 148 | -10/Mines | Followed 8R-AWN into the Mines 249 | -10/Mines | Discovered new exit (range 6) 310 | -10/Mines | Discovered new exit (range 5) 315 | -10/Mines | Build established: Mutant 315 | -10/Mines | Entered Exiles 344 | -10/Exiles | Welcomed by 8R-AWN 365 | -10/Exiles | Met EX-HEX 397 | -10/Exiles | Met EX-BIN 413 | -10/Exiles | Aligned with FarCom system 414 | -10/Exiles | Given EX-Vault access code 491 | -10/Exiles | Opened EX-Vault 499 | -10/Exiles | Found Flying Fortress v7 527 | -10/Exiles | Warned to stay clear of 0b10 Research branches 559 | -10/Exiles | Met EX-DEC 564 | -10/Exiles | Learned location of Zion (-6) 762 | -10/Exiles | Discovered new exit (range 10) 773 | -10/Exiles | Left Exiles lab with Flying Fortress v7 773 | -10/Exiles | Entered Mines 784 | -9/Mines | Met a Derelict bent on vengeance 866 | -9/Mines | Found a hidden stash of uninstalled traps 891 | -9/Mines | Discovered new exit (range 10) 902 | -9/Mines | Entered Materials 902 | -8/Materials | Evolved 4 slots: Propulsion x1, Utility x2, Weapon x1 1172 | -8/Materials | Discovered new exit (range 10) 1200 | -8/Materials | Entered Factory 1200 | -7/Factory | Evolved 2 slots: Propulsion x1, Utility x1 1465 | -7/Factory | Identified exit to Garrison 1465 | -7/Factory | Entered Garrison 1490 | -7/Garrison | Triggered checkpoint 1520 | -7/Garrison | Triggered checkpoint 1536 | -7/Garrison | Triggered checkpoint 1549 | -7/Garrison | Destroyed 8 combat bots 1549 | -7/Garrison | Discovered new exit (range 12) 1564 | -7/Garrison | Triggered checkpoint 1604 | -7/Garrison | Triggered checkpoint 1624 | -7/Garrison | Triggered checkpoint 1648 | -7/Garrison | Discovered new exit (range 12) 1695 | -7/Garrison | Attempted to access garrison exit controls, blocked by remote lockdown 1733 | -7/Garrison | Lost 3 parts (1p1u1w) 1742 | -7/Garrison | Discovered new exit (range 19) 1756 | -7/Garrison | Released all parts (6) 1758 | -7/Garrison | Attempted to access garrison exit controls, blocked by remote lockdown 1785 | -7/Garrison | Released all parts (4) 1787 | -7/Garrison | Core integrity fell below 50% 1797 | -7/Garrison | Core integrity fell below 20% 1800 | -7/Garrison | Triggered checkpoint 1806 | -7/Garrison | Destroyed by S-27 Virus with Autogun Last Messages --------------- 01758_ Remote lockdown engaged. 01761_ Acquired Adv. ECM Suite. 01761_ Slug penetrates Wall. 01764_ Acquired Hacking Suite. 01764_ Penetrated by Slug. 01770_ Acquired Hyp. Mass Driver. 01781_ Slug penetrates Wall. 01783_ Penetrated by Slug. 01784_ Acquired Hvy. Siege Treads. 01785_ Released Adv. ECM Suite. 01785_ Released Hacking Suite. 01785_ Released Hyp. Mass Driver. 01785_ Released Hvy. Siege Treads. 01788_ Penetrated by Slug. 01792_ Slug penetrates Wall. 01795_ Slammed into G-47 Trooper. 01798_ G-47 Trooper destroyed. 01800_ Beams of light sweep through the air. An alarm sounds. 01806_ Slammed into S-27 Virus. 01806_ Destabilizing: Core damaged (-7). Map ----- +----------------------------------------------------+ | ?????????????????????????????????????????????????? | | ?????????????????????????#######?????????????????? | | ?????????????????????????# #?????????????????? | | ?????????????????????????# < #?????????????????? | | ?????????????????????????# #?????????????????? | | ?????????????????????????### #?????????????????? | | ???????????????????????????# #?????????????????? | | ???????????????????????????# #?????????????????? | | ?????????????############??#!! #?????????????????? | | ?????????????#""""""""""#??#*! #?????????????????? | | ?????????????#"""!=!=! "#### ! #?????????????????? | | ?????????????#"" ]= ## #?????????????????? | | ?????????????#"= #### ## #?????????????????? | | ?????????????#"* ??# + #?????????????????? | | ?????????????#"! ??# Y #?????????????????? | | ?????????????#"! ##?#BB ## #?????????????????? | | ?????????????#"" BB ## #?????????????????? | | ?????????????#"""==!!!!"####Y #?????????????????? | | ?????????????#""""""""""#??# #?????????????????? | | ?????????????############??# #?????????????????? | | ???????????????????????????# #?????????????????? | | ???????????????????????????# #?????????????????? | | ?????????????####??????????#l #?????????????????# | | ?????????????#""""?????????#h #?????????????????# | | ????????????### ##########g= #???????####??????# | | ????????????# ^^ @sh* +Y?????? #??????# | | ????????????# s ggs +??????? #??????# | | ????????????########### ## #???????# #??????# | | ??????????????????????# ## #???????# #??????# | | ??????????????????????###### #???????# ##?????# | | ???????????????????????????# #???????# ??????# | | ???????????????????????????# #???????# #??????# | | ???????????????????????????# #???????# #??????# | | ???????????????????????????# #########++##""""## | | ???????????????????????????# | | ???????????????????????????# | | ???????????????????????????# | | ???????????????????????????##T######### ## ## | | ????????????????????????????##??????### ## ## | | ????????????????????????????????????# | | ????????????????????????????????????# | | ????????????????????????????????????# ^ | | ?????????????????#####??????????????# | | ????????????#"T"##!!!!###???????????### % ## | | ????????????#" #???????????# # = ## | | ?????????????#####!!!!# #???###### #### | | ?????????????????###??# # = % | | ??????????????????????# #????######### [ | | ??????????????????????# #????????????# # ## ## | | ??????????????????????# #????????????# ## #? | +----------------------------------------------------+ Best States ------------- Heat Dissipation 34 Energy Generation 16 Energy Capacity 290 Matter Stores 300 Matter Capacity 300 Sight Range 20 Terrain Scan Density 10 ECM Strength 1 Armor Coverage 150 Evasion (%) 60 Recoil Reduction 1 Offensive Hacking 10 Defensive Hacking 10 Item Schematics ----------------- None Robot Schematics ------------------ None Fabricated ------------ Nothing Alien Tech Used ----------------- None Achievements -------------- None Challenges ------------ None Game ------ Seed FocalMiningFlail Manual? 0 Play Time 00:23:40 Cumulative 133.3 hours Start 2023.07.08 @ 00:10:50 End 2023.07.08 @ 00:29:39 Sessions 1 Manual Loads 0 Difficulty Rogue Special Mode None Game No. 153 Rogue 130 Adventurer 19 Explorer 4 Win Type - Total 1 Types 0/0/1/0/0/0/0/0/0 Lore% 51 Gallery% 57 Achievement% 46 Wizard Run 0 Options --------- ASCII 1 Keyboard 1 Movement Vi Keybinds 0 Fullscreen 2 Font 18/Terminus Map View 76x50 Tactical HUD 1 Map Filters NONE Filters SATURATION(80) Steam X RUN: d91f1ee6-9e41-4e7d-a060-db40b168cee7